 Dungeon Crawl Stone Soup version 0.26-a0-850-g97a50ab700 (webtiles) character file.

Game seed: 1650985701226798535

109 snetch the Conjurer (level 4, -7/24 HPs)
             Began as a Deep Elf Conjurer on Nov 20, 2020.
             Killed by nerve-wracking pain
             ... invoked by Grinder
              (14 damage)
             ... on level 3 of the Dungeon.
             The game lasted 00:08:23 (2448 turns).

snetch the Conjurer (Deep Elf Conjurer)             Turns: 2448, Time: 00:08:24

Health: -7/24      AC:  8    Str:  4    XL:     4   Next: 59%
Magic:  3/11       EV: 11    Int: 24    God:
Gold:   98         SH:  0    Dex: 13    Spells: 7/10 levels left

rFire    + . .     SeeInvis .   g - -2 short sword (curse)
rCold    . . .     Faith    .   (no shield)
rNeg     . . .     Spirit   .   w - +3 leather armour {rF+}
rPois    +         Reflect  .   e - +0 helmet
rElec    .         Harm     .   u - +0 cloak
rCorr    .         Rampage  .   (no gloves)
MR       .....                  (no boots)
Stlth    ++........             (no amulet)
HPRegen  0.08/turn              p - ring of poison resistance
MPRegen  0.12/turn              (no ring)

@: no status effects
A: no striking features
a: no special abilities


You were on level 3 of the Dungeon.
You visited 1 branch of the dungeon, and saw 3 of its levels.

You collected 98 gold pieces.

Inventory:

Hand Weapons
 a - a +0 dagger
 b - a +1 whip of venom
 g - a cursed -2 short sword (weapon)
Missiles
 c - 43 stones
 k - 4 silver boomerangs
 s - 7 boomerangs (quivered)
Armour
 e - a +0 helmet (worn)
 u - a +0 cloak (worn)
 v - a +0 scale mail
 w - a +3 leather armour of fire resistance (worn)
Jewellery
 p - a ring of poison resistance (left hand)
Scrolls
 d - a scroll of fear {unknown}
 f - a scroll of magic mapping {unknown}
 i - a scroll of enchant armour {unknown}
 j - 2 scrolls of remove curse {unknown}
 l - 7 scrolls of identify {unknown}
 n - a scroll of fog {unknown}
 o - 2 scrolls of immolation {unknown}
 t - a scroll of blinking {unknown}
Potions
 h - 2 potions of lignification {unknown}
 m - a potion of invisibility
 q - a potion of haste {unknown}
 r - 3 potions of attraction {unknown}


   Skills:
 + Level 0.4 Armour
 + Level 2.5 Dodging
 + Level 2.9 Stealth
 + Level 3.9 Spellcasting
 + Level 6.0 Conjurations


You had 7 spell levels left.
You knew the following spells:

 Your Spells              Type           Power        Failure   Level
a - Magic Dart            Conj           ####         1%          1
b - Searing Ray           Conj           ####..       2%          2

Your spell library contained the following spells:

 Spells                   Type           Power        Failure   Level
 Dazzling Flash           Conj/Hex       ###...       16%         3
 Fulminant Prism          Conj/Hex       ###.......   45%         4
 Iskenderun's Mystic Bla  Conj/Tloc      ###.....     45%         4


Dungeon Overview and Level Annotations

Branches:
Dungeon (3/15)

Altars:
Cheibriados
Makhleb
Wu Jian

Annotations:
D:2 hatch behind water
D:3 Grinder


Message History

The searing ray hits Grinder!
Grinder is heavily wounded.
Grinder hits you.
You writhe in agony.
The searing ray hits Grinder.
Grinder is severely wounded.
You finish channeling your searing ray.
Grinder hits you.
You writhe in agony.
* * * LOW HITPOINT WARNING * * *
Casting: Searing Ray (safe; 2% risk of failure)
Confirm with . or Enter, or press ? or * to list all spells.
Aiming: Searing Ray (safe; 2% risk of failure)
Press: ? - help, Shift-Dir - straight line, f/p - Grinder
Aim: Grinder (severely wounded)
The searing ray hits Grinder.
Grinder is severely wounded. (Press . to maintain the ray.) Grinder drinks a potion.
Grinder flickers and vanishes!
Deactivating autopickup; reactivate with Ctrl-A.
The searing ray hits something!
Pain shoots through your body!
Ouch! That really hurt!
You die...

..# ..# #.# ## #.#
... #.# .... #.####
### .....
#....######.##
......##.###†.......#
.......@.# #.#####.##
...##...{# #.# #.#
#.#.....## #.#
#.##.### #.# . #.#
###.# ## #.# #...#
#+# #.### #.# #.###


There were no monsters in sight!

Vanquished Creatures
  Terence (D:1)
  3 adders (D:2)
  4 worms (D:2)
  2 leopard geckos (D:2)
  A ball python (D:1)
  2 giant cockroaches
  4 goblins
  6 hobgoblins
  A quokka (D:2)
  6 bats
  3 frilled lizards
  4 kobolds
  8 rats
45 creatures vanquished.

Notes
Turn   | Place    | Note
-------+----------+-------------------------------------------
     0 | D:1      | snetch the Deep Elf Conjurer began the quest for the Orb.
     0 | D:1      | Reached XP level 1. HP: 10/10 MP: 6/6
   140 | D:2      | Noticed Terence
   225 | D:2      | Found a snail-covered altar of Cheibriados.
   225 | D:2      | Found an ornate altar of the Wu Jian Council.
   407 | D:2      | Reached XP level 2. HP: 15/15 MP: 6/8
   533 | D:2      | Reached skill level 5 in Conjurations
   574 | D:2      | Learned a level 2 spell: Searing Ray
   690 | D:2      | Reached XP level 3. HP: 12/19 MP: 3/10
  1589 | D:1      | Killed Terence
  1590 | D:1      | Reached XP level 4. HP: 17/24 MP: 3/11
  2084 | D:2      | Found a burning altar of Makhleb.
  2281 | D:2      | Reached skill level 6 in Conjurations
  2442 | D:3      | Noticed Grinder
  2448 | D:3      | Killed from afar by Grinder

Illustrated notes

Levels and vault maps discovered:
D:1:      dpeg_arrival_rooms_c, layout_basic
D:2:      layout_basic, general_overflow_altar, grunt_temple_overflow_open,
          chequers_serial_rivers_marsh, uniq_terence
D:3:      layout_loops_corners, minmay_goblin_kobold_house, uniq_grinder,
          uniq_crazy_yiuf_cottage, uniq_natasha

Skill      XL: |  1  2  3  4 |
---------------+-------------+-----
Conjurations   | 5 6 |  6.0
Armour         | |  0.4
Dodging        | |  2.5
Stealth        | |  2.9
Spellcasting   | |  3.9

Action                   |  1- 3 |  4- 6 || total
-------------------------+-------+-------++-------
Melee: Short sword       |     2 |     3 ||     5
 Cast: Magic Dart        |    47 |    20 ||    67
       Searing Ray       |     5 |     6 ||    11
 Stab: Sleeping          |       |     2 ||     2
Armor: Robe              |     2 |       ||     2
       Leather armour    |     2 |     2 ||     4
Dodge: Dodged            |     7 |     1 ||     8

Table legend: (Time is in decaauts)
 A = Elapsed time spent in this place.
 B = Non-inter-level travel time spent in this place.
 C = Inter-level travel time spent in this place.
 D = Time resting spent in this place.
 E = Time spent auto-exploring this place.
 F = Levels seen in this place.
 G = Mean time per level.
                   A        B        C        D        E       F      G
               +--------+--------+--------+--------+--------+-----+--------+
         Total |   2454 |   2373 |     81 |     15 |   1789 |   3 |  818.0 |
       Dungeon |   2454 |   2373 |     81 |     15 |   1789 |   3 |  818.0 |
               +--------+--------+--------+--------+--------+-----+--------+

Top non-repeatable levels by time:
     D:2: 1447 daAuts
     D:1: 953 daAuts
     D:3: 53 daAuts
